 Dungeon Crawl Stone Soup version 0.26.0-10-g1f06aea511 (webtiles) character file.

Game seed: 13277280496043258164

513 MajorAdolf the Chopper (level 7, -2/64 HPs)
             Began as a Naga Wanderer on Jan 16, 2021.
             Killed by nerve-wracking pain
             ... invoked by an orc priest
              (11 damage)
             ... on level 5 of the Dungeon.
             The game lasted 00:07:41 (5977 turns).

MajorAdolf the Chopper (Naga Wanderer)              Turns: 5977, Time: 00:07:42

Health: -2/64      AC: 11    Str: 15    XL:     7   Next: 19%
Magic:  11/11      EV:  1    Int: 16    God:
Gold:   239        SH:  0    Dex:  8    Spells: 12/12 levels left

rFire    . . .     SeeInvis +   t - +1 spear (venom)
rCold    . . .     Faith    .   (no shield)
rNeg     . . .     Spirit   .   A - +1 plate armour
rPois    +         Reflect  .   q - +2 helmet
rElec    .         Harm     .   (no cloak)
rCorr    .         Rampage  .   (no gloves)
Will     .....                  (no barding)
Stlth    ..........             (no amulet)
HPRegen  0.20/turn              e - ring of attention (curse)
MPRegen  0.12/turn              (no ring)

@: very slightly contaminated, invisible, very slow
A: large, see invisible, deformed body, poison resistance, slowness 2, spit
poison 1, AC +2
a: Spit Poison


You were on level 5 of the Dungeon.
You visited 1 branch of the dungeon, and saw 5 of its levels.

You collected 239 gold pieces.

Inventory:

Hand Weapons
 h - a +0 dagger
 m - a +1 dagger of speed
 r - a +0 hand axe
 t - a +1 spear of venom (weapon)
 u - a cursed -3 hand axe
Armour
 i - a +0 scale mail
 q - a +2 helmet (worn)
 A - a +1 plate armour (worn)
Magical Staves
 p - an uncursed staff of conjuration
Jewellery
 e - a cursed ring of attention (left hand)
 s - an uncursed ring of willpower
Wands
 j - a wand of digging (4)
 y - a wand of acid (8)
Scrolls
 b - 4 scrolls of enchant armour
 c - a scroll of magic mapping
 g - a scroll of identify
Potions
 a - a potion of resistance
 d - a potion of curing
 f - 4 potions of haste
 k - a potion of brilliance
 n - 2 potions of ambrosia
 o - a potion of heal wounds {unknown}
 v - a potion of attraction {unknown}
 w - a potion of might {unknown}
 x - a potion of flight {unknown}


   Skills:
 - Level 4.2 Fighting
 + Level 5.7 Axes
 - Level 1.0 Throwing
 - Level 3.0 Spellcasting
 - Level 2.0 Conjurations
 - Level 1.0 Summonings
 - Level 1.0 Ice Magic
 - Level 1.3 Poison Magic
 - Level 1.0 Evocations


You had 12 spell levels left.
You didn't know any spells.
Your spell library contained the following spells:

 Spells                   Type           Power        Failure   Level
 Beastly Appendage        Tmut           4%           100%        1
 Foxfire                  Conj/Fire      20%          100%        1
 Freeze                   Ice            20%          100%        1
 Frozen Ramparts          Ice            10%          100%        3
 Ignite Poison            Fire/Tmut/Pois 3%           100%        3
 Inner Flame              Hex/Fire       2%           100%        3
 Ozocubu's Armour         Ice            5%           100%        3
 Hailstorm                Conj/Ice       7%           100%        4
 Summon Ice Beast         Ice/Summ       5%           100%        4


Dungeon Overview and Level Annotations

Branches:
Dungeon (5/15)
 Temple: D:4-7

Altars:
Cheibriados
Elyvilon
Okawaru


Innate Abilities, Weirdness & Mutations

You cannot wear boots.
Your serpentine skin is tough. (AC +2)
You have supernaturally acute eyesight. (SInv)
Armour fits poorly on your strangely shaped body.
Your system is resistant to poisons. (rPois)
You cover ground very slowly.
You can spit poison.


Message History

The orc hits you with a +0 falchion.
* * * LOW HITPOINT WARNING * * *
Unknown command.
Okay, then.
Okay, then.
You fade into invisibility!
The orc priest hits you but does no damage.
The orc hits you but does no damage.
You are very lightly contaminated with residual magic.
Unknown command.
You closely miss the orc priest.
The orc priest hits you but does no damage.
Unknown command.
You hit the orc priest.
The orc priest is poisoned.
The orc priest is lightly wounded.
The orc hits you with a +0 falchion.
* * * LOW HITPOINT WARNING * * *
The orc priest invokes the aid of Beogh against you.
Pain shoots through your body!
You die...

#..........#
######.#........###
...^...)...........
###.#####.)<....##
####.)รท....# .
#.##..........#..
..................
...#####...)......
# #.....@o......
##..#.#o......
####......#....
#.....)#.##.#..
####.....# .
#..##..# #.....
..... ##...# .#.###
#.... ...#


You could see an orc priest (very poisoned) and an orc.

Vanquished Creatures
  A scorpion (D:4)
  A howler monkey (D:3)
  2 orc priests (D:5)
  Jessica (D:3)
  An iguana (D:5)
  Ijyb (D:5)
  A worker ant (D:4)
  Robin (D:2)
  4 adders
  8 gnolls
  An ooze (D:2)
  4 worms
  7 dart slugs
  A leopard gecko (D:1)
  4 orcs (D:5)
  3 giant cockroaches
  14 goblins
  9 hobgoblins
  11 jackals
  10 kobolds
  3 quokkas (D:3)
  A ball python (D:2)
  11 bats
  8 frilled lizards
  10 rats
118 creatures vanquished.

Vanquished Creatures (others)
  93 plants (D:3)
93 creatures vanquished.

Grand Total: 211 creatures vanquished

Notes
Turn   | Place    | Note
-------+----------+-------------------------------------------
     0 | D:1      | MajorAdolf the Naga Wanderer began the quest for the Orb.
     0 | D:1      | MajorAdolf set off with the following items: a +0 club, a
                  | +0 robe; and the following spells available to memorise:
                  | Foxfire, Freeze, Beastly Appendage, Frozen Ramparts,
                  | Ozocubu's Armour, Ignite Poison, Inner Flame, Hailstorm,
                  | Summon Ice Beast
     0 | D:1      | Reached XP level 1. HP: 15/15 MP: 4/4
     1 | D:1      | Noticed an electric eel
   439 | D:1      | Reached skill level 1 in Fighting
   614 | D:1      | Reached XP level 2. HP: 25/26 MP: 6/6
  1035 | D:1      | Reached XP level 3. HP: 10/33 MP: 7/7
  2616 | D:2      | Reached XP level 4. HP: 41/42 MP: 8/8
  3456 | D:3      | Noticed Robin
  3472 | D:2      | Killed Robin
  3703 | D:3      | Reached skill level 1 in Axes
  3709 | D:3      | Reached XP level 5. HP: 42/50 MP: 9/9
  4373 | D:3      | Reached skill level 2 in Axes
  4376 | D:3      | Found an iron altar of Okawaru.
  4377 | D:3      | Noticed Jessica
  4390 | D:3      | Killed Jessica
  4541 | D:3      | Reached skill level 3 in Axes
  4619 | D:3      | Reached XP level 6. HP: 52/57 MP: 10/10
  4718 | D:3      | Reached skill level 4 in Axes
  5042 | D:3      | Found a snail-covered altar of Cheibriados.
  5431 | D:4      | Found a white marble altar of Elyvilon.
  5700 | D:5      | Entered Level 5 of the Dungeon
  5710 | D:5      | Reached skill level 5 in Axes
  5869 | D:5      | Reached XP level 7. HP: 52/64 MP: 11/11
  5940 | D:5      | Noticed Ijyb
  5958 | D:5      | Killed Ijyb
  5977 | D:5      | Killed from afar by an orc priest

Illustrated notes

Levels and vault maps discovered:
D:1:      arrival_aquarium_a, layout_rooms, minmay_indecisive_spiral
D:2:      lemuel_upstairs_altar, layout_basic
D:3:      wad_woods_settlement, layout_loops_ring, kennysheep_slug_shrine,
          okawaru_ov_weapons_minmay, uniq_jessica, uniq_robin
D:4:      layout_rooms, minmay_crystal_room, amcnicky_altar_gilded
D:5:      layout_rooms, uniq_crazy_yiuf_cottage, uniq_ijyb

Skill      XL: |  1  2  3  4  5  6 |
---------------+-------------------+-----
Fighting       | 1 2 3 4 |  4.2
Axes           | 1 3 5 |  5.7
Throwing       | |  1.0
Spellcasting   | |  3.0
Conjurations   | |  2.0
Summonings     | |  1.0
Ice Magic      | |  1.0
Poison Magic   | |  1.3
Evocations     | |  1.0

Action                   |  1- 3 |  4- 6 |  7- 9 || total
-------------------------+-------+-------+-------++-------
Melee: Club              |    25 |       |       ||    25
       Dagger            |   121 |   104 |       ||   225
       Short sword       |    14 |       |       ||    14
       Spear             |       |   135 |    31 ||   166
 Abil: Spit Poison       |    32 |    14 |       ||    46
  Use: Scroll            |       |     9 |       ||     9
       Potion            |       |       |     1 ||     1
 Stab: Distracted        |       |     1 |       ||     1
Armor: Robe              |    11 |       |       ||    11
       Scale mail        |    76 |    58 |       ||   134
       Plate armour      |       |    23 |    15 ||    38
Dodge: Dodged            |    80 |    56 |     1 ||   137
